 Dungeon Crawl Stone Soup version 0.26-a0-466-g989023bd0d (webtiles) character file.

Game seed: 17590538924549104625

235159 1player the Devastator (level 18, 163/163 HPs)
             Began as a White Draconian Conjurer on Aug 12, 2020.
             Was the Champion of Vehumet.
             Quit the game on level 1 of the Vaults on Aug 13, 2020.
             The game lasted 03:17:26 (55331 turns).

1player the Devastator (White Draconian Conjurer)  Turns: 55331, Time: 03:17:27

Health: 163/163    AC: 19    Str:  9    XL:     18   Next: 46%
Magic:  38/38      EV: 19    Int: 27    God:    Vehumet [******]
Gold:   946        SH:  8    Dex: 12    Spells: 8/50 levels left

rFire    + . .     SeeInvis .   n - staff of air
rCold    + . .     Faith    .   P - +3 warlock's mirror {reflect}
rNeg     + . .     Spirit   .   (armour unavailable)
rPois    +         Reflect  +   (helmet restricted)
rElec    +         Harm     .   S - +2 cloak {rPois}
rCorr    +                      K - +2 pair of gloves of Makhleb's Castigation {rPois Dex+4}
MR       ++...                  i - +2 pair of boots
Stlth    ++........             e - amulet of regeneration
HPRegen  0.77/turn              t - ring of resist corrosion
MPRegen  0.26/turn              v - ring "Loguatis" {rF+ rN+ MR+ Dex-2}

@: no status effects
A: breathe frost, unfitting armour, cold resistance 1, cold-blooded, AC +10
}: 2/15 runes: decaying, serpentine
a: Breathe Frost, Renounce Religion


You were on level 1 of the Vaults.
You worshipped Vehumet.
Vehumet was exalted by your worship.
You visited 7 branches of the dungeon, and saw 33 of its levels.

You collected 3398 gold pieces.
You spent 2452 gold pieces at shops.

Inventory:

Hand Weapons
 b - the +8 flail of Integrity {holy, rF+}
   (You found it on level 5 of the Lair of Beasts)

   It has been blessed by the Shining One to cause great damage to the undead
   and demons.
   It protects you from fire.
Armour
 i - a +2 pair of boots (worn)
 K - the +2 pair of gloves of Makhleb's Castigation (worn) {rPois Dex+4}
   (You found it on level 7 of the Dungeon)

   It affects your dexterity (+4).
   It protects you from poison.
 P - the +3 warlock's mirror (worn) {reflect}
   (You found it on level 12 of the Dungeon)
 S - a +2 cloak of poison resistance (worn)
Magical Staves
 a - an uncursed staff of energy
 n - an uncursed staff of air (weapon)
Jewellery
 e - an amulet of regeneration (around neck)
 g - the ring of Ologgete {+Blink +Fly SInv}
   (You bought it in a shop on level 2 of the Snake Pit)

   [ring of flight]

   It lets you see invisible.
   It lets you fly.
   It lets you blink.
 t - a ring of resist corrosion (left hand)
 v - the ring "Loguatis" (right hand) {rF+ rN+ MR+ Dex-2}
   (You found it on level 4 of the Dungeon)

   [ring of positive energy]

   It affects your dexterity (-2).
   It protects you from fire.
   It protects you from negative energy.
   It affects your resistance to hostile enchantments.
 w - an uncursed ring of magical power
 H - the ring of Rovvimawk {rPois rC+}
   (You found it on level 7 of the Dungeon)

   [ring of protection from cold]

   It protects you from cold.
   It protects you from poison.
 Q - an uncursed ring of wizardry
 X - an uncursed ring of protection from fire
Wands
 h - a wand of clouds (3)
 s - a wand of paralysis (15)
 C - a wand of iceblast (19)
 R - a wand of acid (27)
 Y - a wand of digging (4)
Scrolls
 k - 5 scrolls of immolation
 u - a scroll of teleportation
 y - 12 scrolls of remove curse {@r2}
 B - a scroll of blinking
 E - 2 scrolls of fear
 I - 3 scrolls of fog
 L - a scroll of holy word
 M - 10 scrolls of identify {@r1}
 Z - 3 scrolls of summoning
Potions
 c - 3 potions of heal wounds {@q2}
 l - 4 potions of flight
 m - 3 potions of cancellation
 o - 2 potions of berserk rage
 p - 10 potions of curing {@q1}
 x - 7 potions of might
 A - 6 potions of haste
 G - 3 potions of ambrosia
 N - 3 potions of mutation {!q}
 T - 3 potions of brilliance
 U - 2 potions of lignification
 V - a potion of invisibility
 W - 3 potions of resistance
Miscellaneous
 q - a box of beasts


   Skills:
 - Level 15.0 Fighting
 + Level 13.3 Dodging
 - Level 1.7 Stealth
 - Level 4.0 Shields
 - Level 16.5 Spellcasting
 + Level 18.4 Conjurations
 - Level 11.3 Ice Magic
 - Level 6.6 Air Magic
   Level 4.0 Poison Magic


You had 8 spell levels left.
You knew the following spells:

 Your Spells              Type           Power        Failure   Level
a - Freezing Cloud        Conj/Ice/Air   #######...   1%          6
b - Apportation           Tloc           ###...       2%          1
c - Iskenderun's Battles  Conj           #######.     1%          5
e - Orb of Destruction    Conj           #######...   1%          7
f - Iskenderun's Mystic   Conj/Tloc      ######..     1%          4
g - Ozocubu's Refrigerat  Ice            ######....   1%          6
q - Stone Arrow           Conj/Erth      ######       1%          3
w - Lightning Bolt        Conj/Air       #######...   1%          5
x - Frozen Ramparts       Ice            ######       1%          3
z - Searing Ray           Conj           ######       0%          2

Your spell library contained the following spells:

 Spells                   Type           Power        Failure   Level
 Lehudib's Crystal Spear  Conj/Erth      ######....   58%         8
 Fire Storm               Conj/Fire      ######....   100%        9
 Shatter                  Erth           ###.......   100%        9
 Magic Dart               Conj           ####         0%          1
 Shock                    Conj/Air       ####         0%          1
 Sandblast                Erth           ###...       1%          1
 Sting                    Tmut/Pois      ####         1%          1
 Corpse Rot               Necr/Air       N/A          1%          2
 Poisonous Vapours        Pois/Air       ######       1%          2
 Conjure Flame            Conj/Fire      ######..     1%          3
 Dazzling Flash           Conj/Hex       ######       1%          3
 Ignite Poison            Fire/Tmut/Pois ####....     1%          3
 Mephitic Cloud           Conj/Pois/Air  #######.     1%          3
 Fulminant Prism          Conj/Hex       ######....   1%          4
 Olgreb's Toxic Radiance  Pois           #####...     1%          4
 Bolt of Magma            Conj/Fire/Erth ######....   1%          5
 Conjure Ball Lightning   Conj/Air       #######...   1%          6
 Animate Skeleton         Necr           ###...       2%          1
 Beastly Appendage        Tmut           ###...       2%          1
 Corona                   Hex            ###....      2%          1
 Pain                     Necr           ###.         2%          1
 Summon Small Mammal      Summ           ###.         2%          1
 Ice Form                 Ice/Tmut       ######..     2%          4
 Iron Shot                Conj/Erth      ######....   2%          6
 Passwall                 Tmut/Erth      ###.....     3%          2
 Sublimation of Blood     Necr           ###.......   3%          2
 Wereblood                Tmut           ###.....     3%          2
 Spider Form              Tmut/Pois      ####......   3%          3
 Summon Lightning Spire   Summ/Air       ######..     5%          4
 Metabolic Englaciation   Hex/Ice        ######....   6%          5
 Confusing Touch          Hex            ###.....     7%          3
 Gell's Gravitas          Tloc           ###.......   7%          3
 Vampiric Draining        Necr           ###.......   7%          3
 Spellforged Servitor     Conj/Summ      ######....   11%         7
 Lee's Rapid Deconstruct  Erth           ###.......   16%         5
 Silence                  Hex/Air        ######....   16%         5
 Yara's Violent Unravell  Hex/Tmut       ###.......   16%         5
 Animate Dead             Necr           ###.......   22%         4
 Dispel Undead            Necr           ###.....     22%         4
 Petrify                  Tmut/Erth      ###.....     22%         4
 Agony                    Necr           ###.....     52%         5
 Blade Hands              Tmut           ###.......   52%         5
 Excruciating Wounds      Necr           ###.......   52%         5
 Summon Demon             Summ           ###.......   52%         5
 Summon Forest            Summ/Tloc      ###.......   52%         5
 Summon Mana Viper        Hex/Summ       ###.....     52%         5
 Shadow Creatures         Summ           N/A          98%         6
 Summon Hydra             Summ           ###.......   100%        7
 Tornado                  Air            ######....   100%        9


Dungeon Overview and Level Annotations

Branches:
Dungeon (15/15)            Temple (1/1) D:4            Lair (6/6) D:10
  Swamp (4/4) Lair:2        Snake (4/4) Lair:2        Slime (0/5) Lair:6
    Orc (2/2) D:11            Elf (0/3) Orc:2        Vaults (1/5) D:14
 Depths (0/5) D:15

Altars:
Ashenzari
Cheibriados
Dithmenos
Elyvilon
Fedhas
Gozag
Hepliaklqana
Kikubaaqudgha
Makhleb
Nemelex Xobeh
Okawaru
Qazlal
Ru
Sif Muna
Trog
Uskayaw
Vehumet
Wu Jian
Xom
Yredelemnul
Zin
The Shining One
Beogh
Jiyva

Shops:
D:11 !   D:15 (   Orc:2 ((}[*?:(:   Snake:2 =}}

Portals:
Pandemonium: Orc:2


Innate Abilities, Weirdness & Mutations

You can breathe waves of freezing cold.
You can buffet flying creatures when you breathe cold.
Your icy white scales are hard. (AC +10)
You cannot fit into any form of body armour.
Your flesh is cold resistant. (rC+)
You are cold-blooded and may be slowed by cold attacks.


Message History

You start resting.
HP restored.
You start resting.
Magic restored.
You see here a +0 troll leather armour.
Okay, then.
Unknown command.
Okay, then.
Unknown command.
Okay, then.
Okay, then.
Unknown command.
Welcome back, 1player the White Draconian Conjurer.
Vehumet says: Let it end in hellfire!
Press ? for a list of commands and other information.
New annotation for Vaults:1 (include '!' for warning):
Okay, then.
Unknown command.
Unknown command.
Are you sure you want to abandon this character and quit the game? (Confirm with "yes".)

.........# ### ... .........#
#.. ..#### .........# #.##
#.#..# .........# #.#..#.#..#
######'### ####.# .#.#..#uu
#....#########..#.# '.'..au.
#....#......##..#.####.#..#.s
#####....###'##..#[.#......####
....#....##...##@[)['....÷.†..#
....##.###.....#.####....######
....##...#..⌠..#...###'###....#
....####.#.....###.##....#....#
....#....##...##....#....#....#
....'..#..##'###....#....#....#
....#..##......#....#....'....#
#####..#########....#....#....#
#### #######+##############


There were no monsters in sight!

Vanquished Creatures
  Frances (Swamp:2)
  3 thorn hunters (Swamp:4)
  8 nagarajas
  2 ironheart preservers
  A very ugly thing (Swamp:1)
  A stone giant (Orc:1)
  An entropy weaver (Vaults:1)
  An ettin (Orc:1)
  Josephine (Lair:4)
  Fannar (D:11)
  2 yaktaur captains
  18 naga warriors
  2 centaur warriors
  16 hydras
  A ghost crab (Swamp:3)
  3 shambling mangroves
  9 two-headed ogres
  11 alligators
  11 anacondas
  2 ogre magi
  A deep troll shaman (Vaults:1)
  A tengu warrior (D:15)
  5 shock serpents
  10 orc high priests
  21 naga sharpshooters
  Urug (Lair:6)
  A sun demon (Orc:2)
  Nergalle (Lair:3)
  A sixfirhy (Orc:2)
  6 salamander mystics
  4 torturous demonspawn (Orc:2)
  9 wizards (D:12)
  The ghost of Eptagon the Martial Artist, a novice OpFi of Cheibriados (D:8)
  3 unseen horrors
  3 spriggan druids
  A death drake (shapeshifter) (D:15)
  9 naga ritualists
  Pikel (D:9)
  11 swamp dragons
  4 orc knights (Orc:2)
  2 deep trolls (Vaults:1)
  3 lindwurms (Swamp:4)
  5 oklob plants
  4 mana vipers
  5 ugly things
  5 salamanders
  4 orc sorcerers (Orc:2)
  3 cyclopes
  4 manticores
  7 guardian serpents
  36 black mambas
  A torpor snail (Lair:2)
  A vault sentinel (Vaults:1)
  An orange demon (Orc:2)
  16 naga magi
  A gargoyle (D:12)
  A torpor snail (shapeshifter) (Vaults:1)
  21 cane toads
  3 rime drakes
  5 komodo dragons
  2 kobold demonologists
  2 tengu conjurers
  A freezing wraith (Vaults:1)
  A red devil (Orc:2)
  7 trolls
  An ice devil (Orc:2)
  6 meliai
  28 hornets
  10 polar bears
  9 tyrant leeches
  8 bog bodies
  9 blink frogs
  17 slime creatures
  5 hippogriffs
  2 redbacks (Vaults:1)
  4 centaur simulacra (D:12)
  27 spriggans
  3 shadows
  A wyvern (Lair:4)
  6 wraiths
  16 yaks
  2 water elementals (D:12)
  3 basilisks
  A chaos spawn (Orc:2)
  A steam dragon (D:13)
  20 vampire mosquitoes
  3 insubstantial wisps
  10 swamp worms
  Edmund (D:5)
  4 wargs
  A soldier ant (D:12)
  50 nagas
  20 water moccasins
  A porcupine (Lair:1)
  A meliai simulacrum (D:12)
  44 orc warriors
  14 swamp drakes
  6 ice beasts
  3 black bears
  A necrophage (D:10)
  4 sky beasts
  An eye of draining (shapeshifter) (D:14)
  A phantom (D:10)
  14 ogres
  26 wolves
  4 boggarts (Lair:6)
  10 centaurs
  19 crocodiles
  2 big kobolds
  3 lemures (D:9)
  20 bullfrogs
  Blork the orc (D:4)
  5 scorpions
  5 wights (D:6)
  3 electric eels
  8 howler monkeys
  4 centaur zombies
  3 hounds
  A wyvern simulacrum (D:12)
  A bullfrog skeleton (D:12)
  20 orc priests
  26 orc wizards
  5 centaur skeletons
  6 iguanas
  7 worker ants
  2 bullfrog simulacra (D:12)
  20 adders
  3 gnolls (D:4)
  18 white imps
  5 ufetubi
  2 oozes
  An adder zombie (D:8)
  3 dart slugs
  5 leopard geckos
  122 orcs
  7 ball pythons
  19 bats
  6 giant cockroaches
  8 goblins
  5 hobgoblins
  12 jackals
  6 quokkas
  2 frilled lizards
  10 kobolds
  A leopard gecko skeleton (D:5)
  2 quokka skeletons (D:6)
  A quokka zombie (D:6)
  9 rats
  2 briar patches (Swamp:4)
  4 plants
1142 creatures vanquished.

Vanquished Creatures (collateral kills)
  An alligator (Swamp:1)
1 creature vanquished.

Vanquished Creatures (others)
  A naga ritualist (Snake:2)
  A hornet (Swamp:2)
  A spriggan (Swamp:2)
  An electric eel (D:11)
  3 white imps (D:12)
  90 fulminant prisms
  8 fungi
  9 plants
114 creatures vanquished.

Grand Total: 1257 creatures vanquished

Notes
Turn   | Place    | Note
-------+----------+-------------------------------------------
     0 | D:1      | 1player the Draconian Conjurer began the quest for the Orb.
     0 | D:1      | Reached XP level 1. HP: 14/14 MP: 3/3
   223 | D:1      | Reached skill level 1 in Fighting
   225 | D:1      | Reached XP level 2. HP: 23/23 MP: 0/5
   284 | D:1      | Learned a level 2 spell: Searing Ray
   969 | D:1      | Reached XP level 3. HP: 29/29 MP: 4/6
  2143 | D:2      | Reached skill level 1 in Shields
  2143 | D:2      | Reached XP level 4. HP: 36/36 MP: 2/7
  2209 | D:2      | Reached skill level 5 in Conjurations
  2323 | D:2      | Found a glowing golden altar of the Shining One.
  2324 | D:2      | Found an iron altar of Okawaru.
  2649 | D:3      | Found a basalt altar of Yredelemnul.
  2731 | D:3      | Found a sparkling altar of Nemelex Xobeh.
  2731 | D:3      | Found a sacrificial altar of Ru.
  2732 | D:3      | Found a hide-covered altar of Uskayaw.
  2841 | D:3      | Found a faded altar of an unknown god.
  2944 | D:3      | Reached XP level 5. HP: 36/41 MP: 5/8
  4177 | D:4      | Reached XP level 6. HP: 48/48 MP: 2/9
  4546 | D:4      | Got a transparent gossamer ring
  4610 | D:4      | Reached skill level 6 in Conjurations
  4734 | D:4      | Identified the ring "Loguatis" {rF+ rN+ MR+ Dex-2} (You
                  | found it on level 4 of the Dungeon)
  4860 | D:4      | Noticed Blork the orc
  4867 | D:4      | Killed Blork the orc
  5192 | D:4      | Found a staircase to the Ecumenical Temple.
  5201 | Temple   | Entered the Ecumenical Temple
  5455 | Temple   | Became a worshipper of Vehumet
  5689 | D:5      | Entered Level 5 of the Dungeon
  6016 | D:5      | Noticed Edmund
  6129 | D:5      | Your scales start taking on an icy white colour.
  6129 | D:5      | Reached XP level 7. HP: 56/56 MP: 6/10
  6129 | D:5      | Gained mutation: Your flesh is cold resistant. (rC+) [White
                  | Draconian growth]
  6362 | D:5      | Reached skill level 7 in Conjurations
  6428 | D:5      | Found a runed translucent door.
  6925 | D:6      | Reached skill level 8 in Conjurations
  7219 | D:5      | Killed Edmund
  7219 | D:5      | Reached XP level 8. HP: 63/63 MP: 4/13
  7677 | D:6      | Reached * piety under Vehumet
  7677 | D:6      | Offered knowledge of Sandblast by Vehumet.
  7677 | D:6      | Reached skill level 9 in Conjurations
  7837 | D:6      | Found a shadowy altar of Dithmenos.
  8083 | D:6      | Found a shattered altar of Ashenzari.
  8377 | D:7      | Reached skill level 5 in Spellcasting
  8930 | D:7      | Found a snail-covered altar of Cheibriados.
  8931 | D:7      | Found a burning altar of Makhleb.
  8968 | D:7      | Got a scorched granite ring
  8969 | D:7      | Identified the ring of Rovvimawk {rPois rC+} (You found it
                  | on level 7 of the Dungeon)
  9068 | D:7      | Found a hazy altar of Hepliaklqana.
  9100 | D:7      | Got a pair of twisted gloves
  9101 | D:7      | Identified the +2 pair of gloves of Makhleb's Castigation
                  | {rPois Dex+4} (You found it on level 7 of the Dungeon)
  9589 | D:8      | Noticed a two-headed ogre
  9687 | D:8      | Reached skill level 5 in Fighting
  9687 | D:8      | Reached XP level 9. HP: 74/74 MP: 12/17
  9692 | D:8      | Learned a level 3 spell: Dazzling Flash
  9794 | D:8      | Reached skill level 10 in Conjurations
 10127 | D:8      | Found a bloodstained altar of Trog.
 10428 | D:8      | Killed a two-headed ogre
 10694 | D:8      | Offered knowledge of Shock by Vehumet.
 10697 | D:8      | Learned a level 1 spell: Shock
 10704 | D:8      | Reached ** piety under Vehumet
 10747 | D:8      | Found a transporter.
 10748 | D:8      | Noticed Eptagon's ghost (novice OpFi)
 10750 | D:8      | Identified the cursed +1 great mace of Tuoqamoa {holy, rN+}
 10756 | D:8      | Reached skill level 5 in Dodging
 10785 | D:8      | Found a transporter.
 11195 | D:9      | Found a blossoming altar of Fedhas.
 11232 | D:9      | Noticed Pikel
 11249 | D:9      | Killed Pikel
 11249 | D:9      | Reached XP level 10. HP: 86/88 MP: 11/19
 12068 | D:10     | Entered Level 10 of the Dungeon
 12161 | D:10     | Noticed an oklob plant
 12358 | D:10     | Offered knowledge of Mephitic Cloud by Vehumet.
 12447 | D:10     | Learned a level 3 spell: Mephitic Cloud
 12651 | D:10     | Reached skill level 1 in Poison Magic
 12709 | D:10     | Found a staircase to the Lair.
 12712 | D:10     | Noticed an oklob plant
 13393 | D:11     | Reached *** piety under Vehumet
 13548 | D:11     | You fall into a shaft and drop 1 floor!
 13549 | D:12     | Noticed Fannar
 13549 | D:12     | Noticed a manticore
 13665 | D:12     | Killed a manticore
 13806 | D:11     | Reached skill level 10 in Fighting
 13839 | D:11     | Noticed an unseen horror
 13843 | D:11     | Killed an unseen horror
 14046 | D:11     | Noticed a five-headed hydra
 14046 | D:11     | Noticed a cyclops
 14116 | D:11     | Killed a cyclops
 14116 | D:11     | Reached XP level 11. HP: 82/102 MP: 16/20
 14401 | D:11     | Learned a level 4 spell: Iskenderun's Mystic Blast
 14412 | D:11     | Killed a five-headed hydra
 14412 | D:11     | Reached skill level 11 in Conjurations
 14672 | D:11     | Offered knowledge of Conjure Flame by Vehumet.
 14874 | D:11     | Found a staircase to the Orcish Mines.
 14974 | D:11     | Found Zapebburo's Distillery.
 14983 | D:11     | Bought a potion of brilliance for 40 gold pieces
 14983 | D:11     | Bought a potion of lignification for 30 gold pieces
 14983 | D:11     | Bought a potion of invisibility for 80 gold pieces
 14983 | D:11     | Bought a potion of heal wounds for 50 gold pieces
 14983 | D:11     | Bought a potion of haste for 100 gold pieces
 14983 | D:11     | Bought 2 potions of resistance for 200 gold pieces
 15316 | D:12     | Noticed a four-headed hydra
 15329 | D:11     | Killed a four-headed hydra
 15675 | D:11     | Killed Fannar
 15675 | D:11     | Reached skill level 12 in Conjurations
 15964 | D:10     | Killed an oklob plant
 16058 | D:10     | Killed an oklob plant
 16136 | Lair:1   | Entered Level 1 of the Lair of Beasts
 16169 | Lair:1   | Reached **** piety under Vehumet
 16169 | Lair:1   | Reached skill level 10 in Spellcasting
 16257 | Lair:1   | Learned a level 3 spell: Conjure Flame
 16700 | Lair:1   | Offered knowledge of Frozen Ramparts by Vehumet.
 16705 | Lair:1   | Learned a level 3 spell: Frozen Ramparts
 16799 | Lair:1   | Learned a level 4 spell: Fulminant Prism
 17497 | Lair:1   | Reached XP level 12. HP: 95/110 MP: 10/28
 17885 | Lair:2   | Reached skill level 1 in Ice Magic
 18221 | Lair:2   | Found a staircase to the Swamp.
 18463 | Lair:2   | Noticed a four-headed hydra
 18471 | Lair:2   | Reached skill level 5 in Ice Magic
 18473 | Lair:2   | Killed a four-headed hydra
 18569 | Lair:2   | Noticed an eight-headed hydra
 18585 | Lair:2   | Killed an eight-headed hydra
 18822 | Lair:2   | Found a staircase to the Snake Pit.
 19982 | Lair:3   | Noticed a four-headed hydra
 19995 | Lair:3   | Killed a four-headed hydra
 20317 | Lair:3   | Noticed Nergalle
 20328 | Lair:3   | Killed Nergalle
 21165 | Lair:4   | Reached XP level 13. HP: 116/116 MP: 22/29
 21454 | Lair:4   | Noticed Josephine
 21464 | Lair:4   | Killed Josephine
 21469 | Lair:4   | Reached skill level 10 in Dodging
 21905 | Lair:5   | Got a twisted flail
 21906 | Lair:5   | Identified the +8 flail of Integrity {holy, rF+} (You found
                  | it on level 5 of the Lair of Beasts)
 22733 | Lair:6   | Entered Level 6 of the Lair of Beasts
 22836 | Lair:6   | Noticed Urug
 22845 | Lair:6   | Killed Urug
 22965 | Lair:6   | Learned a level 1 spell: Apportation
 22995 | Lair:6   | Found a viscous altar of Jiyva.
 22995 | Lair:6   | Found a staircase to the Slime Pits.
 23020 | Lair:6   | Reached ***** piety under Vehumet
 23040 | Lair:6   | Offered knowledge of Yara's Violent Unravelling by Vehumet.
 23662 | Lair:6   | Reached skill level 13 in Conjurations
 23967 | Lair:6   | Got a twitching golden amulet
 23970 | Lair:6   | Identified the amulet "Lueh" {Acrobat Int-4 Dex+7 Stlth+}
                  | (You found it on level 6 of the Lair of Beasts)
 25053 | D:12     | Found the +3 warlock's mirror {reflect}
 25677 | D:12     | Reached XP level 14. HP: 126/126 MP: 30/30
 26961 | D:13     | Reached skill level 14 in Conjurations
 27013 | D:13     | Learned a level 3 spell: Stone Arrow
 28234 | Orc:1    | Entered Level 1 of the Orcish Mines
 28493 | Orc:1    | Found a roughly hewn altar of Beogh.
 28517 | Orc:1    | Noticed a stone giant
 28524 | Orc:1    | Killed a stone giant
 28736 | Orc:1    | Offered knowledge of Iron Shot by Vehumet.
 28748 | Orc:1    | Learned a level 6 spell: Iron Shot
 29116 | Orc:2    | Entered Level 2 of the Orcish Mines
 29116 | Orc:2    | Found a staircase to the Elven Halls.
 29317 | Orc:2    | Found Miur Suf's Antique Weapon Shoppe.
 29318 | Orc:2    | Found Gier's Book Shop.
 29462 | Orc:2    | Found Zyish's Book Emporium.
 29465 | Orc:2    | Bought a book of Power for 585 gold pieces
 29471 | Orc:2    | Learned a level 5 spell: Iskenderun's Battlesphere
 30319 | Orc:2    | Found Cayho's General Store.
 30320 | Orc:2    | Found Heoqikoux's Magic Scroll Emporium.
 30659 | Orc:2    | Reached skill level 15 in Conjurations
 30722 | Orc:2    | Reached ****** piety under Vehumet
 30885 | Orc:2    | Found Taikhy's Antique Armour Boutique.
 30889 | Orc:2    | Offered knowledge of Ozocubu's Refrigeration by Vehumet.
 30985 | Orc:2    | Learned a level 6 spell: Ozocubu's Refrigeration
 31021 | Orc:2    | Bought a scroll of magic mapping for 56 gold pieces
 31021 | Orc:2    | Bought a scroll of fear for 56 gold pieces
 31763 | Orc:2    | Found Taosche's Gadget Boutique.
 31763 | Orc:2    | Found a one-way gate leading to the halls of Pandemonium.
 31763 | Orc:2    | Found Likiur Cife's Antique Weapon Shop.
 31820 | Orc:2    | Found Ivouh's Weapon Emporium.
 31964 | Orc:2    | Bought a scroll of blinking for 112 gold pieces
 31993 | Orc:2    | Bought a wand of acid (12) for 384 gold pieces
 32255 | D:14     | Reached XP level 15. HP: 136/136 MP: 18/31
 32965 | D:14     | Found a gate to the Vaults.
 33583 | D:15     | Entered Level 15 of the Dungeon
 34224 | D:15     | Found Isiv's Weapon Boutique.
 34363 | D:15     | Bought a +0 quarterstaff of speed for 224 gold pieces
 34410 | D:15     | Reached skill level 16 in Conjurations
 34509 | D:15     | Offered knowledge of Lightning Bolt by Vehumet.
 34509 | D:15     | Reached skill level 10 in Ice Magic
 34526 | D:15     | Learned a level 5 spell: Lightning Bolt
 34842 | D:15     | Found a staircase to the Depths.
 35186 | D:5      | Found a roughly hewn altar of Beogh.
 35347 | D:8      | Killed Eptagon's ghost
 35472 | Snake:1  | Entered Level 1 of the Snake Pit
 37143 | Snake:2  | Noticed a nagaraja
 37178 | Snake:2  | Killed a nagaraja
 39142 | Snake:2  | Found Dauhag's Gadget Boutique.
 39143 | Snake:2  | Found Huynkut's Jewellery Emporium.
 39144 | Snake:2  | Found Haxkiok's Gadget Boutique.
 39156 | Snake:2  | Bought the ring of Ologgete {+Blink +Fly SInv} for 535 gold
                  | pieces
 39198 | Snake:2  | Noticed a nagaraja
 39203 | Snake:2  | Killed a nagaraja
 39372 | Snake:2  | Reached XP level 16. HP: 115/145 MP: 26/33
 39455 | Snake:2  | Reached skill level 17 in Conjurations
 39975 | Snake:3  | Offered knowledge of Starburst by Vehumet.
 41621 | Snake:4  | Entered Level 4 of the Snake Pit
 44024 | Snake:4  | Offered knowledge of Freezing Cloud by Vehumet.
 44349 | Snake:4  | Reached skill level 18 in Conjurations
 44844 | Snake:4  | Reached XP level 17. HP: 104/154 MP: 25/34
 45917 | Snake:4  | Reached skill level 15 in Fighting
 46046 | Snake:4  | Got a serpentine rune of Zot
 46244 | Snake:4  | Learned a level 6 spell: Freezing Cloud
 46353 | Swamp:1  | Entered Level 1 of the Swamp
 46420 | Swamp:1  | Reached skill level 1 in Air Magic
 46479 | Swamp:1  | Offered knowledge of Chain Lightning by Vehumet.
 48544 | Swamp:1  | Got a warped lajatang
 48545 | Swamp:1  | Identified the +3 lajatang of Butchery {flame, rN+ Int+2}
                  | (You found it on level 1 of the Swamp)
 48654 | Swamp:1  | You fall into a shaft and drop 1 floor!
 48710 | Swamp:2  | Reached skill level 5 in Air Magic
 49981 | Swamp:2  | Noticed Frances
 49987 | Swamp:2  | Killed Frances
 51275 | Swamp:3  | Learned a level 5 spell: Bolt of Magma
 51611 | Swamp:4  | Entered Level 4 of the Swamp
 51616 | Swamp:4  | Offered knowledge of Lehudib's Crystal Spear by Vehumet.
 51616 | Swamp:4  | Offered knowledge of Fire Storm by Vehumet.
 51616 | Swamp:4  | Offered knowledge of Shatter by Vehumet.
 52735 | Swamp:4  | Reached skill level 15 in Spellcasting
 52738 | Swamp:4  | Reached XP level 18. HP: 163/163 MP: 13/37
 53187 | Swamp:4  | Learned a level 7 spell: Orb of Destruction
 54001 | Swamp:4  | Got a decaying rune of Zot
 54658 | Vaults:1 | Entered Level 1 of the Vaults
 55331 | Vaults:1 | Quit the game

Illustrated notes

Levels and vault maps discovered:
D:1:      minmay_arrival_glassed_features, layout_loops_ring
D:2:      layout_basic, minitemple, kennysheep_generic_room_15
D:3:      minmay_wonky_spiral, layout_loops_ring,
          chequers_temple_overflow_statue_of_worship,
          chequers_ecumenical_altar_simple_redux
D:4:      layout_cave_pools, minmay_temple_entry_hall,
          hangedman_decor_slide_cut, minmay_manual_moon, uniq_blork_the_orc
D:5:      layout_basic, lightli_church_of_beogh, uniq_edmund
D:6:      layout_loops_ring, kennysheep_mini, lemuel_coloured_pillars_altar,
          chequers_jeans
D:7:      layout_gridville, gammafunk_temple_overflow_statue,
          kennysheep_little_box
D:8:      layout_loops_ring, lemuel_doored_altar, gammafunk_ghost_smash
D:9:      layout_stronghold, fedhas_altar_2, nrook_campfire,
          minmay_fountain_box, uniq_pikel
D:10:     layout_rooms, dpeg_oklobed_lair, serial_aquarium,
          aquarium_bridge_square [aquarium_subvault_window,
          aquarium_subvault_window, aquarium_subvault_bridge,
          aquarium_subvault_bridge], aquarium_window_corridor_2,
          aquarium_window_fake, aquarium_window_2, aquarium_view_2a,
          aquarium_balcony_5b, aquarium_pool_corner
D:11:     layout_roguey, erik_orc_2, serial_shops, nicolae_shop_statue_plus
D:12:     minmay_smoke_and_mirrors, layout_basic, serial_ice, serial_ice_i,
          serial_ice_g, serial_ice_o, serial_ice_f, serial_ice_h, serial_ice_b,
          serial_ice_e, serial_ice_a, serial_ice_c, serial_ice_d,
          portal_ice_cave_entry_imps, st_stairs_11, uniq_fannar
D:13:     layout_loops_corners, corexii_hall_statues_l
D:14:     layout_loops_ring, skrybe_vaults_entry_preservation,
          minmay_staircase_bubble
D:15:     grunt_enter_depths_snipers, layout_loops_ring,
          minmay_misc_feat_square, serial_shops, shop
Temple:   jpeg_temple_island
Lair:1:   layout_regular_city
Lair:2:   layout_cave_shapes, swamp_mist_pool, minmay_snake_entry_six_corridors,
          minmay_lair_oklob_chamber
Lair:3:   layout_misc_corridors, serial_bayou_shore_a, uniq_nergalle
Lair:4:   layout_roguey, uniq_josephine
Lair:5:   layout_layer_cave
Lair:6:   minmay_lair_end_enchanted_forest, layout_misc_corridors,
          slime_altar_1, uniq_urug
Swamp:1:  layout_falls_marsh, serial_swamp_ruin, evilmike_swamp_ruin_wall,
          evilmike_swamp_ruin_house_4, evilmike_swamp_ruin_house_5, swamp_pool2,
          infiniplex_staircase_pool_2
Swamp:2:  layout_basic_swamp, evilmike_swamp_ruin_house_2, swamp_pool4,
          nicolae_swamp_snake_nest, infiniplex_staircase_pool, uniq_frances
Swamp:3:  layout_basic_swamp, evilmike_swamp_ruin_rubble_1
Swamp:4:  swamp_alternative, layout_basic_swamp
Snake:1:  layout_layer_cave
Snake:2:  layout_grid_maze, minmay_shop_grove, serial_bayou_shore_b
Snake:3:  layout_honeycomb, st_stairs_11
Snake:4:  johnstein_snake_rune_scales, layout_layer_cave, serial_bayou_shore_b
Orc:1:    layout_diamond_mine, basic_altar
Orc:2:    pf_orc_diabolical, layout_caves, serial_shops, shop,
          nicolae_shop_waterfront, shop_statue, nicolae_shop_behind_doors,
          nicolae_shop_statue_plus, rock_pile
Vaults:1: v_rooms_2, nicolae_vaults_little_squares_5, v_misc_14,
          vaults_mumra_chevron, v_rooms_1, nicolae_vaults_stairing_the_circle,
          vaults_room_grid, ontoclasm_vaults_tryst, v_alt_pattern_4,
          nicolae_vaults_puzzle_piece, ontoclasm_vaults_ring_small, v_misc_19,
          layout_vaults_omnicross

Skill      XL: |  1  2  3  4  5  6  7  8  9 10 11 12 13 14 15 16 17 18 |
---------------+-------------------------------------------------------+-----
Fighting       | 1 2 3 5 8 11 12 13 14 15 | 15.0
Shields        | 1 2 3 4 |  4.0
Conjurations   | 5 6 8 9 10 12 13 15 16 18 | 18.4
Spellcasting   | 3 5 6 12 13 15 16 | 16.5
Dodging        | 5 9 11 12 13 | 13.3
Poison Magic   | 4 |  4.0
Ice Magic      | 6 8 10 11 | 11.3
Air Magic      | 6 |  6.6
Stealth        | |  1.7

Action                   |  1- 3 |  4- 6 |  7- 9 | 10-12 | 13-15 | 16-18 || total
-------------------------+-------+-------+-------+-------+-------+-------++-------
Melee: Dagger            |    12 |    14 |       |       |       |       ||    26
       Tailslap          |     1 |     2 |     3 |     5 |       |     1 ||    12
       Trident           |       |       |    35 |    52 |       |       ||    87
       Staff             |       |       |       |     1 |     7 |     4 ||    12
       Flail             |       |       |       |       |     1 |    20 ||    21
Throw: Throwing net      |       |       |       |     1 |       |       ||     1
 Cast: Magic Dart        |    76 |    82 |    85 |     9 |       |       ||   252
       Searing Ray       |     6 |    28 |    54 |   127 |   123 |    18 ||   356
       Shock             |       |       |    16 |   283 |   138 |       ||   437
       Dazzling Flash    |       |       |     4 |     8 |       |       ||    12
       Mephitic Cloud    |       |       |       |    21 |    14 |       ||    35
       Frozen Ramparts   |       |       |       |    20 |    93 |    72 ||   185
       Fulminant Prism   |       |       |       |    24 |    53 |    13 ||    90
       Conjure Flame     |       |       |       |     1 |       |       ||     1
       Stone Arrow       |       |       |       |       |   370 |   400 ||   770
       Iskenderun's Myst |       |       |       |       |    68 |   114 ||   182
       Iskenderun's Batt |       |       |       |       |    16 |    82 ||    98
       Lightning Bolt    |       |       |       |       |    14 |   137 ||   151
       Ozocubu's Refrige |       |       |       |       |     3 |    10 ||    13
       Freezing Cloud    |       |       |       |       |       |    11 ||    11
       Bolt of Magma     |       |       |       |       |       |     4 ||     4
       Orb of Destructio |       |       |       |       |       |     6 ||     6
 Abil: Breathe Frost     |       |       |     1 |     1 |     1 |     1 ||     4
Evoke: Wand              |       |     2 |     4 |     9 |     2 |     3 ||    20
       Staff of energy   |       |       |     1 |     1 |     4 |     2 ||     8
       Box of beasts     |       |       |       |       |       |     1 ||     1
  Use: Scroll            |       |     8 |    13 |     9 |    17 |    16 ||    63
       Potion            |       |       |       |     1 |     2 |    10 ||    13
 Stab: Sleeping          |     1 |       |     1 |       |       |       ||     2
       Paralysed         |       |     6 |     1 |       |       |       ||     7
       Invisible         |       |       |     2 |       |       |       ||     2
Armor: Skin              |    12 |    16 |    26 |   111 |   116 |   172 ||   453
Dodge: Dodged            |    25 |    26 |    53 |   171 |   302 |   441 ||  1018
Block: Buckler           |       |    11 |    33 |   134 |   186 |   207 ||   571
       Reflection        |       |       |       |       |    35 |    27 ||    62

Table legend: (Time is in decaauts)
 A = Elapsed time spent in this place.
 B = Non-inter-level travel time spent in this place.
 C = Inter-level travel time spent in this place.
 D = Time resting spent in this place.
 E = Time spent auto-exploring this place.
 F = Levels seen in this place.
 G = Mean time per level.
                   A        B        C        D        E       F      G
               +--------+--------+--------+--------+--------+-----+--------+
         Total |  55718 |  52365 |   3353 |  20938 |  21152 |  33 | 1688.4 |
       Dungeon |  23109 |  21395 |   1714 |   7857 |   8788 |  15 | 1540.6 |
        Temple |    327 |    275 |     52 |      0 |    260 |   1 |  327.0 |
          Lair |  10048 |   9296 |    752 |   3000 |   4956 |   6 | 1674.7 |
         Swamp |   7255 |   6998 |    257 |   3606 |   2217 |   4 | 1813.8 |
     Snake Pit |  10628 |  10270 |    358 |   4544 |   3893 |   4 | 2657.0 |
  Orcish Mines |   3685 |   3467 |    218 |   1524 |    993 |   2 | 1842.5 |
        Vaults |    664 |    664 |      0 |    406 |     44 |   1 |  664.0 |
               +--------+--------+--------+--------+--------+-----+--------+

Top non-repeatable levels by time:
 Snake:4: 4275 daAuts
  Lair:2: 3865 daAuts
    D:11: 2803 daAuts
   Orc:2: 2735 daAuts
    D:12: 2290 daAuts
 Snake:1: 2285 daAuts
 Snake:2: 2194 daAuts
 Swamp:3: 2089 daAuts
 Swamp:1: 1911 daAuts
 Snake:3: 1873 daAuts
 Swamp:2: 1714 daAuts
  Lair:6: 1645 daAuts
     D:5: 1573 daAuts
    D:13: 1542 daAuts
    D:10: 1542 daAuts
